 Dungeon Crawl Stone Soup version 0.21-a0-509-gecc5317 (webtiles) character file.

84 slep the Ducker (level 4, -6/34 HPs)
             Began as a Barachi Gladiator on Dec 1, 2017.
             Mangled by Crazy Yiuf
             ... wielding a +4 quarterstaff of chaos
              (18 damage)
             ... on level 2 of the Dungeon.
             The game lasted 00:04:58 (1576 turns).

slep the Ducker (Barachi Gladiator)                 Turns: 1576, Time: 00:04:58

Health: -6/34      AC:  7    Str: 17    XL:     4   Next: 45%
Magic:  4/4        EV:  8    Int:  8    God:
Gold:   106        SH: 11    Dex: 13    Spells: 3/3 levels left

rFire    . . .     SeeInvis .   a - +0 war axe
rCold    . . .     Gourm    .   n - +0 large shield
rNeg     . . .     Faith    .   i - +0 ring mail
rPois    .         Spirit   .   c - +0 helmet
rElec    .         Reflect  .   (no cloak)
rCorr    .         Harm     .   j - +0 pair of gloves
MR       .....                  (no boots)
Stlth    +.........             (no amulet)
HPRegen  0.11/turn              (no ring)
MPRegen  0.09/turn              (no ring)

@: slow
A: +LOS, swims, slowness 1, strong legs 1
a: Hop


You were on level 2 of the Dungeon.
You were not hungry.

You visited 1 branch of the dungeon, and saw 2 of its levels.

You collected 106 gold pieces.

Inventory:

Hand Weapons
 a - a +0 war axe (weapon)
 o - a +1 spear of piercing
Missiles
 d - 3 throwing nets (quivered)
Armour
 b - a +0 leather armour
 c - a +0 helmet (worn)
 i - a +0 ring mail (worn)
 j - a +0 pair of gloves (worn)
 k - a +0 helmet
 n - a +0 large shield (worn)
Wands
 s - a wand of iceblast (13)
Scrolls
 g - 2 scrolls of noise {unknown}
 h - 2 scrolls of remove curse {unknown}
 p - a scroll of identify {unknown}
 q - 3 scrolls of teleportation {unknown}
Potions
 e - a potion of flight {unknown}
 l - 2 potions of heal wounds {unknown}
 m - a potion of curing {unknown}
Comestibles
 f - 3 bread rations


   Skills:
 + Level 2.8 Fighting
 + Level 4.1 Axes
 + Level 2.0 Throwing
 + Level 1.5 Armour
 + Level 4.3 Dodging
 + Level 0.1 Stealth
 + Level 0.8 Shields


You had 3 spell levels left.
You didn't know any spells.

Dungeon Overview and Level Annotations

Branches:
Dungeon (2/15)

Altars:

Annotations:
D:2 Crazy Yiuf


Innate Abilities, Weirdness & Mutations

Shadows flee at your approach. (+LOS)
You can swim through water.
You cover ground slowly.
You can hop short distances.


Message History

Found 14 poisoned needles.
Found two maces.
You see here a glowing mace.
You see here a mace.
Found a runed door.
You open the door.
Crazy Yiuf the Enlightened comes into view.
He is wielding a quarterstaff of chaos.
Crazy Yiuf shouts!
Crazy Yiuf says, "Citrus!
Cake toodlewoodle King."
Found a mace.
Crazy Yiuf drinks a potion.
Crazy Yiuf flickers and vanishes!
Deactivating autopickup; reactivate with Ctrl-A.
There is an open door here.
Something hits you. Something freezes you.
You barely miss something. You block something's attack.
Your shield prevents you from hitting something.
Something hits you! Something freezes you. Something hits you.
You are electrocuted!
Ouch! That really hurt!
You die...

##.#######.#####.# #.#
#................# #.#
##.#######.###.#.# #.#
#####.######### ##### #.#
...........# ###.#> #####.######
#######...#.# ###.#
########.#.)).##.#.. ###...#
#...##..#..P...#.#.# ..+...######
#.{@'.####.)........ ###...#....#
#)..### ##......#.# ###......#
##### ######.#.# #####......#
###.#.# .......###.# #......
#####...##.# ############.#.#
#####.#.##.######...#.....###.#.#
................................#
#####.##.#.##.................#.#


There were no monsters in sight!

Vanquished Creatures
  2 adders (D:2)
  A gnoll (D:2)
  2 worms (D:2)
  2 dart slugs (D:1)
  4 giant cockroaches
  6 goblins
  2 hobgoblins (D:1)
  5 jackals (D:2)
  5 kobolds
  A ball python (D:1)
  6 bats
  5 frilled lizards
  3 rats
44 creatures vanquished.

Notes
Turn   | Place    | Note
-------+----------+-------------------------------------------
     0 | D:1      | slep the Barachi Gladiator began the quest for the Orb.
     0 | D:1      | Reached XP level 1. HP: 17/17 MP: 1/1
   251 | D:1      | Reached XP level 2. HP: 22/23 MP: 2/2
   822 | D:2      | Reached XP level 3. HP: 28/28 MP: 3/3
  1099 | D:2      | Reached XP level 4. HP: 34/34 MP: 4/4
  1115 | D:2      | Reached skill level 1 in Armour
  1568 | D:2      | Found a runed door.
  1572 | D:2      | Noticed Crazy Yiuf
  1576 | D:2      | Mangled by Crazy Yiuf

Vault maps used:
D:1:      dpeg_arrival_short_road, minmay_pentomino_u2
D:2:      cheibrodos_helix_gallery, first_bread, uniq_crazy_yiuf_cottage

Skill      XL: |  1  2  3  4 |
---------------+-------------+-----
Dodging        | 4 |  4.3
Armour         | 1 |  1.5
Axes           | 4 |  4.1
Fighting       | |  2.8
Throwing       | |  2.0
Stealth        | |  0.1
Shields        | |  0.8

Action                   |  1- 3 |  4- 6 || total
-------------------------+-------+-------++-------
Melee: War axe           |    78 |    59 ||   137
  Eat: Chunk             |     1 |     2 ||     3
Armor: Ring mail         |    53 |    19 ||    72
Dodge: Dodged            |    50 |    14 ||    64
Block: Large shield      |    24 |    53 ||    77

Table legend:
 A = Spawn XP
 B = Non-spawn XP
 C = Spawn XP percentage of total XP
 D = Spawn monster count
 E = Non-spawn monster count
 F = Spawn count percentage of total count
 G = Total turns spent on level
                    A         B        C        D         E        F      G
               +---------+---------+-------+---------+---------+-------+---------
         Total |       0 |     120 |   0.0 |       0 |      44 |   0.0 |  1576
               +---------+---------+-------+---------+---------+-------+---------
           D:1 |       0 |      33 |   0.0 |       0 |      18 |   0.0 |   819
           D:2 |       0 |      87 |   0.0 |       0 |      26 |   0.0 |   757
               +---------+---------+-------+---------+---------+-------+---------
